| TOP OF THE 1ST |
|
Beloit Snappers batting - Pitching for Burlington Bees : RHP Hector Carrizales
|
|
Pitching: RHP Hector Carrizales
|
|
|
Batting: RHB Chris Bohm
|
0-0: SINGLE (Flyball, 4D, EV 90.6 MPH)
|
|
Batting: RHB Min-chin Yi
|
0-0: Called Strike 0-1: Foul Ball, location: 2F 0-2: Strikes out looking Chris Bohm steals 2nd base Batter strikes out.
|
|
Batting: RHB Shannon Beck
|
0-0: Ball 1-0: Ball 2-0: Called Strike 2-1: Ball 3-1: Called Strike 3-2: Base on Balls
|
|
Batting: LHB Felipe Gomez
|
0-0: Ball 1-0: Called Strike 1-1: Fielders Choice at 2nd, 3-6 (Groundball, 34, EV 92.5 MPH) Chris Bohm to third
|
|
Batting: RHB Mike Gangi
|
0-0: Called Strike 0-1: Ball 1-1: Swinging Strike 1-2: Strikes out swinging
|
| Top of the 1st over - 0 runs, 1 hit, 0 errors, 2 left on base; Beloit 0 - Burlington 0 |
| BOTTOM OF THE 1ST |
|
Burlington Bees batting - Pitching for Beloit Snappers : RHP Jesse Clark
|
|
Pitching: RHP Jesse Clark
|
|
|
Batting: RHB Sean Rocha
|
0-0: Called Strike 0-1: Ball 1-1: Fly out, F9 (Line Drive, 89S, EV 91.9 MPH)
|
|
Batting: RHB Danny Bjarnson
|
0-0: Called Strike 0-1: Foul Ball, location: 2F 0-2: Ball 1-2: Ground out 4-3 (Groundball, 4, EV 104.4 MPH)
|
|
Batting: LHB Spencer Palmer
|
0-0: Called Strike 0-1: Swinging Strike 0-2: Ground out 6-3 (Groundball, 6, EV 111.2 MPH)
|
| Bottom of the 1st over - 0 runs, 0 hits, 0 errors, 0 left on base; Beloit 0 - Burlington 0 |
| TOP OF THE 2ND |
|
Beloit Snappers batting - Pitching for Burlington Bees : RHP Hector Carrizales
|
|
Batting: LHB Robert Wilkins
|
0-0: Called Strike 0-1: Ball 1-1: Called Strike 1-2: Ball 2-2: Ball 3-2: Foul Ball, location: 2F 3-2: Foul Ball, location: 2F 3-2: Ground out 6-3 (Groundball, 6, EV 84.4 MPH)
|
|
Batting: RHB Emiel Schlepers
|
0-0: Ball 1-0: Swinging Strike 1-1: Ball 2-1: Foul Ball, location: 2F 2-2: Ball 3-2: Foul Ball, location: 2F 3-2: Strikes out swinging
|
|
Batting: RHB Clay Statum
|
0-0: Called Strike 0-1: Ground out U3 (Groundball, 34S, EV 82.5 MPH)
|
| Top of the 2nd over - 0 runs, 0 hits, 0 errors, 0 left on base; Beloit 0 - Burlington 0 |
| BOTTOM OF THE 2ND |
|
Burlington Bees batting - Pitching for Beloit Snappers : RHP Jesse Clark
|
|
Batting: SHB Danny Gelinas
|
0-0: Ball 1-0: Ball 2-0: Ball 3-0: Swinging Strike 3-1: Foul Ball, location: 2F 3-2: Foul Ball, location: 2F 3-2: Base on Balls
|
|
Batting: RHB Peter Westover
|
0-0: Ball 1-0: Ball 2-0: Called Strike 2-1: Ball 3-1: Foul Ball, location: 2F 3-2: Base on Balls Danny Gelinas to second
|
|
Batting: LHB Jamie Diebel
|
0-0: Swinging Strike 0-1: Ball 1-1: Foul Ball, location: 2F 1-2: Grounds into double play, 4-6-3 (Groundball, 4, EV 80.0 MPH) Danny Gelinas to third
|
|
Batting: RHB Dan Thomey
|
0-0: Ball 1-0: Foul Ball, location: 2F 1-1: Fly out, F7 (Line Drive, 78S, EV 93.8 MPH)
|
| Bottom of the 2nd over - 0 runs, 0 hits, 0 errors, 1 left on base; Beloit 0 - Burlington 0 |
| TOP OF THE 3RD |
|
Beloit Snappers batting - Pitching for Burlington Bees : RHP Hector Carrizales
|
|
Batting: RHB Don Burt
|
0-0: Ball 1-0: Ball 2-0: Fly out, F4 (Line Drive, 4, EV 65.6 MPH)
|
|
Batting: RHB Chris Bohm
|
0-0: Ball 1-0: Called Strike 1-1: Called Strike 1-2: Ball 2-2: SINGLE (Groundball, 6MD, EV 109.4 MPH)
|
|
Batting: RHB Min-chin Yi
|
0-0: Called Strike 0-1: Ball Chris Bohm is caught stealing 2nd base 2-4 1-1: DOUBLE (Flyball, 8LXD, EV 94.4 MPH)
|
|
Batting: RHB Shannon Beck
|
0-0: Called Strike 0-1: Fly out, F7 (Flyball, 78M, EV 83.1 MPH)
|
| Top of the 3rd over - 0 runs, 2 hits, 0 errors, 1 left on base; Beloit 0 - Burlington 0 |
| BOTTOM OF THE 3RD |
|
Burlington Bees batting - Pitching for Beloit Snappers : RHP Jesse Clark
|
|
Batting: LHB Adam Barry
|
0-0: Ball 1-0: Called Strike 1-1: Foul Ball, location: 2F 1-2: Foul Ball, location: 2F 1-2: Foul Ball, location: 2F 1-2: Ball 2-2: Foul Ball, location: 2F 2-2: Foul Ball, location: 2F 2-2: Ground out 5-3 (Groundball, 56, EV 83.1 MPH)
|
|
Batting: RHB Phil Knox
|
0-0: Foul Ball, location: 2F 0-1: Ground out 4-3 (Groundball, 4MS, EV 75.6 MPH)
|
|
Batting: RHB Sean Rocha
|
0-0: Ball 1-0: Fly out, F9 (Flyball, 9D, EV 99.4 MPH)
|
| Bottom of the 3rd over - 0 runs, 0 hits, 0 errors, 0 left on base; Beloit 0 - Burlington 0 |
| TOP OF THE 4TH |
|
Beloit Snappers batting - Pitching for Burlington Bees : RHP Hector Carrizales
|
|
Batting: LHB Felipe Gomez
|
0-0: Ball 1-0: Foul Ball, location: 2F 1-1: Called Strike 1-2: Strikes out swinging
|
|
Batting: RHB Mike Gangi
|
0-0: Swinging Strike 0-1: Foul Ball, location: 2F 0-2: Foul Ball, location: 2F 0-2: Foul Ball, location: 2F 0-2: Fly out, F9 (Flyball, 9S, EV 85.0 MPH)
|
|
Batting: LHB Robert Wilkins
|
0-0: Called Strike 0-1: Called Strike 0-2: Ball 1-2: Ball 2-2: Ball 3-2: DOUBLE (Line Drive, 9LM, EV 111.2 MPH)
|
|
Batting: RHB Emiel Schlepers
|
0-0: Called Strike 0-1: Foul Ball, location: 2F 0-2: Ball 1-2: Ground out 6-3 (Groundball, 6, EV 82.5 MPH)
|
| Top of the 4th over - 0 runs, 1 hit, 0 errors, 1 left on base; Beloit 0 - Burlington 0 |
| BOTTOM OF THE 4TH |
|
Burlington Bees batting - Pitching for Beloit Snappers : RHP Jesse Clark
|
|
Batting: RHB Danny Bjarnson
|
0-0: Ball 1-0: DOUBLE (Flyball, 78D, EV 103.1 MPH)
|
|
Batting: LHB Spencer Palmer
|
0-0: Ball 1-0: Called Strike 1-1: Ball 2-1: Ground out U3 (Groundball, 3, EV 81.9 MPH) Danny Bjarnson to third
|
|
Batting: SHB Danny Gelinas
|
0-0: Ball 1-0: Ball 2-0: Ball 3-0: Base on Balls
|
|
Batting: RHB Peter Westover
|
0-0: Swinging Strike 0-1: Fly out, F7 (Flyball, 78M, EV 90.0 MPH)
|
|
Batting: LHB Jamie Diebel
|
0-0: Swinging Strike 0-1: Ball 1-1: Ball 2-1: Ball 3-1: Fielders Choice at 2nd, 5-4 (Groundball, 5, EV 83.8 MPH)
|
| Bottom of the 4th over - 0 runs, 1 hit, 0 errors, 2 left on base; Beloit 0 - Burlington 0 |
| TOP OF THE 5TH |
|
Beloit Snappers batting - Pitching for Burlington Bees : RHP Hector Carrizales
|
|
Batting: RHB Clay Statum
|
0-0: Foul Ball, location: 2F 0-1: Ball 1-1: Foul Ball, location: 2F 1-2: Ground out U3 (Groundball, 34, EV 100.6 MPH)
|
|
Batting: RHB Don Burt
|
0-0: Fly out, F7 (Flyball, 78D, EV 105.6 MPH)
|
|
Batting: RHB Chris Bohm
|
0-0: Ball 1-0: SINGLE (Line Drive, 6D, EV 98.8 MPH)
|
|
Batting: RHB Min-chin Yi
|
0-0: Ball 1-0: Called Strike Chris Bohm steals 2nd, throwing error, E2 Chris Bohm to third 1-1: Called Strike 1-2: Ball 2-2: Ball 3-2: Base on Balls
|
|
Batting: RHB Shannon Beck
|
0-0: Called Strike 0-1: Ball 1-1: Foul Ball, location: 2F 1-2: Fly out, F5 (Line Drive, 5, EV 63.1 MPH)
|
| Top of the 5th over - 0 runs, 1 hit, 1 error, 2 left on base; Beloit 0 - Burlington 0 |
| BOTTOM OF THE 5TH |
|
Burlington Bees batting - Pitching for Beloit Snappers : RHP Jesse Clark
|
|
Batting: RHB Dan Thomey
|
0-0: Called Strike 0-1: Swinging Strike 0-2: Strikes out swinging
|
|
Batting: LHB Adam Barry
|
0-0: Ball 1-0: Ball 2-0: Foul Ball, location: 2F 2-1: Swinging Strike 2-2: Strikes out swinging
|
|
Batting: RHB Phil Knox
|
0-0: Called Strike 0-1: Ball 1-1: Ground out 5-3 (Groundball, 56, EV 101.2 MPH)
|
| Bottom of the 5th over - 0 runs, 0 hits, 0 errors, 0 left on base; Beloit 0 - Burlington 0 |
| TOP OF THE 6TH |
|
Beloit Snappers batting - Pitching for Burlington Bees : RHP Hector Carrizales
|
|
Batting: LHB Felipe Gomez
|
0-0: Foul Ball, location: 2F 0-1: Ball 1-1: Swinging Strike 1-2: Ball 2-2: Ground out 4-3 (Groundball, 4S, EV 75.0 MPH)
|
|
Pitching: LHP Mark Sanders
|
|
|
Batting: RHB Mike Gangi
|
0-0: Foul Ball, location: 2F 0-1: DOUBLE (Flyball, 89D, EV 102.5 MPH) - OUT at third base trying to stretch hit.
|
|
Batting: LHB Robert Wilkins
|
0-0: Ball 1-0: Swinging Strike 1-1: Ball 2-1: Called Strike 2-2: Ground out 4-3 (Groundball, 4, EV 99.4 MPH)
|
| Top of the 6th over - 0 runs, 1 hit, 0 errors, 0 left on base; Beloit 0 - Burlington 0 |
| BOTTOM OF THE 6TH |
|
Burlington Bees batting - Pitching for Beloit Snappers : RHP Jesse Clark
|
|
Batting: RHB Sean Rocha
|
0-0: Foul Ball, location: 2F 0-1: Foul Ball, location: 2F 0-2: Ground out 4-3 (Groundball, 4S, EV 83.1 MPH)
|
|
Batting: RHB Danny Bjarnson
|
0-0: Fly out, F9 (Flyball, 89D, EV 90.0 MPH)
|
|
Batting: LHB Spencer Palmer
|
0-0: Called Strike 0-1: Called Strike 0-2: Ball 1-2: Strikes out swinging
|
| Bottom of the 6th over - 0 runs, 0 hits, 0 errors, 0 left on base; Beloit 0 - Burlington 0 |
| TOP OF THE 7TH |
|
Beloit Snappers batting - Pitching for Burlington Bees : LHP Mark Sanders
|
|
Batting: RHB Emiel Schlepers
|
0-0: Called Strike 0-1: Foul Ball, location: 2F 0-2: Fly out, F9 (Flyball, 9S, EV 81.2 MPH)
|
|
Batting: RHB Clay Statum
|
0-0: Called Strike 0-1: Ball 1-1: Called Strike 1-2: DOUBLE (Line Drive, 89M, EV 106.2 MPH)
|
|
Batting: RHB Don Burt
|
0-0: Ball 1-0: Ball 2-0: Foul Ball, location: 2F 2-1: Foul Ball, location: 2F 2-2: Fly out, F7 (Flyball, 7S, EV 85.6 MPH)
|
|
Batting: RHB Chris Bohm
|
0-0: Ground out 4-3 (Groundball, 4S, EV 83.8 MPH)
|
| Top of the 7th over - 0 runs, 1 hit, 0 errors, 1 left on base; Beloit 0 - Burlington 0 |
| BOTTOM OF THE 7TH |
|
Burlington Bees batting - Pitching for Beloit Snappers : RHP Jesse Clark
|
|
Batting: SHB Danny Gelinas
|
0-0: Ball 1-0: Ball 2-0: Ball 3-0: Foul Ball, location: 2F 3-1: Base on Balls
|
|
Batting: RHB Peter Westover
|
0-0: Called Strike 0-1: Fly out, F9 (Flyball, 9S, EV 74.4 MPH)
|
|
Batting: LHB Jamie Diebel
|
0-0: Called Strike 0-1: Ball 1-1: Ball 2-1: Ball 3-1: Called Strike 3-2: Foul Ball, location: 2F 3-2: Foul Ball, location: 2F 3-2: DOUBLE (Line Drive, 5D, EV 98.8 MPH) Danny Gelinas to third Danny Gelinas scores
|
|
Batting: RHB Dan Thomey
|
0-0: Called Strike 0-1: Called Strike 0-2: Ball 1-2: Ground out 1-3 (Groundball, 13S, EV 65.0 MPH) Jamie Diebel to third
|
|
Pitching: LHP Alex Villagran
|
|
|
Batting: LHB Adam Barry
|
0-0: Ball 1-0: Called Strike 1-1: Ball 2-1: Ground out 6-3 (Groundball, 6M, EV 103.1 MPH)
|
| Bottom of the 7th over - 1 run, 1 hit, 0 errors, 1 left on base; Beloit 0 - Burlington 1 |
| TOP OF THE 8TH |
|
Beloit Snappers batting - Pitching for Burlington Bees : LHP Mark Sanders
|
|
Pitching: RHP Simon Vogel
|
|
|
Batting: RHB Min-chin Yi
|
0-0: Ball 1-0: Ball 2-0: Foul Ball, location: 2F 2-1: Fly out, F8 (Flyball, 89M, EV 85.0 MPH)
|
|
Batting: RHB Shannon Beck
|
0-0: Ball 1-0: Ball 2-0: Foul Ball, location: 2F 2-1: Swinging Strike 2-2: Strikes out looking
|
|
Batting: LHB Felipe Gomez
|
0-0: Ball 1-0: Ball 2-0: Ball 3-0: Called Strike 3-1: Base on Balls
|
|
Batting: RHB Mike Gangi
|
0-0: Fielders Choice at 2nd, 6-4 (Groundball, 6, EV 86.2 MPH)
|
| Top of the 8th over - 0 runs, 0 hits, 0 errors, 1 left on base; Beloit 0 - Burlington 1 |
| BOTTOM OF THE 8TH |
|
Burlington Bees batting - Pitching for Beloit Snappers : LHP Alex Villagran
|
|
Batting: RHB Phil Knox
|
0-0: Ball 1-0: Swinging Strike 1-1: Swinging Strike 1-2: Strikes out looking
|
|
Batting: RHB Sean Rocha
|
0-0: Called Strike 0-1: Foul Ball, location: 2F 0-2: Strikes out swinging
|
|
Batting: RHB Danny Bjarnson
|
0-0: SINGLE (Groundball, 4D, EV 103.1 MPH)
|
|
Batting: LHB Spencer Palmer
|
0-0: Foul Ball, location: 2F Pickoff Throw to First - Out! 1-3
|
| Bottom of the 8th over - 0 runs, 1 hit, 0 errors, 0 left on base; Beloit 0 - Burlington 1 |
| TOP OF THE 9TH |
|
Beloit Snappers batting - Pitching for Burlington Bees : RHP Simon Vogel
|
|
Pitching: RHP Josh Reynolds
|
|
|
Batting: LHB Robert Wilkins
|
0-0: Called Strike 0-1: Foul Ball, location: 2F 0-2: Ball 1-2: Ball 2-2: Foul Ball, location: 2F 2-2: Strikes out swinging
|
|
Pinch Hitting: LHB Jeremy Brammer
|
0-0: Ground out 1-3 (Groundball, 13S, EV 66.9 MPH)
|
|
Pinch Hitting: SHB Ivan Barry
|
0-0: Ball 1-0: Ball 2-0: Hit by Pitch
|
|
Batting: RHB Don Burt
|
0-0: Fly out, F3 (Popup, 3SF, EV 70.0 MPH)
|
| Top of the 9th over - 0 runs, 0 hits, 0 errors, 1 left on base; Beloit 0 - Burlington 1 |
|